 Dungeon Crawl Stone Soup version 0.20.1-1-g8b1a95d (console) character file.

21 vuolankoinen the Sneak (level 2, -1/11 HPs)
             Began as a Felid Wizard on Nov 8, 2017.
             Slain by a worm (12 damage)
             ... on level 2 of the Dungeon.
             The game lasted 00:03:34 (1605 turns).

vuolankoinen the Sneak (Felid Wizard)               Turns: 1605, Time: 00:03:35

Health: -1/11      AC:  1    Str:  3    XL:     2   Next: 65%
Magic:  3/7        EV: 18    Int: 19    God:
Gold:   45         SH:  0    Dex: 14    Spells: 0/7 levels left
                                        Lives:  0   Deaths: 0

rFire    . . .     SeeInvis +   (weapon unavailable)
rCold    . . .     Gourm    .   (shield unavailable)
rNeg     . . .     Faith    .   (armour unavailable)
rPois    .         Spirit   .   (helmet unavailable)
rElec    .         Reflect  .   (cloak unavailable)
rCorr    .         Harm     .   (gloves unavailable)
MR       .....                  (boots unavailable)
Stlth    +++.......             (no amulet)
Regen    0.1/turn               (no ring)
MPRegen  0.1/turn               (no ring)

@: very slightly contaminated, quick
A: no armour, no weapons or thrown items, stealth, claws 1, fangs 3, see
invisible, carnivore 3, speed 1, shaggy fur 1, slow metabolism 1, sharp paws
a: no special abilities


You were on level 2 of the Dungeon.
You were very full.

You visited 1 branch of the dungeon, and saw 2 of its levels.

You collected 45 gold pieces.

Inventory:

Scrolls
 f - 4 scrolls of identify {unknown}
 g - a scroll of amnesia {unknown}
Potions
 c - 2 potions of heal wounds {unknown}
 e - 3 potions of curing {unknown}
Books
 a - a book of Minor Magic

   Spells                             Type                      Level
   a - Magic Dart                     Conjuration                  1
   b - Blink                          Translocation                2
   c - Call Imp                       Summoning                    2
   d - Slow                           Hexes                        2
   e - Conjure Flame                  Conjuration/Fire             3
   f - Mephitic Cloud                 Conjuration/Poison/Air       3
Comestibles
 b - 3 meat rations
 d - a royal jelly


   Skills:
 + Level 0.2 Fighting
 + Level 2.9 Dodging
 * Level 4.2 Stealth
 + Level 0.6 Unarmed Combat
 - Level 3.0 Spellcasting
 - Level 0.8 Conjurations
 - Level 1.0 Summonings
 - Level 1.5 Translocations


You couldn't memorise any spells.
You knew the following spells:

 Your Spells              Type           Power        Failure   Level  Hunger
a - Magic Dart            Conj           #...         11%         1    None
b - Blink                 Tloc           N/A          12%         2    ##.....
c - Call Imp              Summ           #.......     16%         2    ##.....
d - Slow                  Hex            #.......     22%         2    ##.....


Dungeon Overview and Level Annotations

Branches:
Dungeon (2/15)

Altars:


Innate Abilities, Weirdness & Mutations

You cannot wear armour.
You are incapable of wielding weapons or throwing items.
Your paws allow you to move quietly. (Stealth)
You have sharp claws.
You have razor-sharp teeth.
You have supernaturally acute eyesight. (SInv)
You are carnivorous and can eat meat at any time.
You cover ground quickly.
You are covered in fur. (AC +1)
You have a slow metabolism.
Your sharp claws are effective at attacking unaware monsters.


Message History

Casting: Magic Dart
Confirm with . or Enter, or press ? or * to list all spells.
Aiming: Magic Dart
Press: ? - help, Shift-Dir - straight line, f/p - worm
Aim: a worm (severely wounded)
The magic dart hits the worm.
The worm is almost dead.
Casting: Magic Dart
Confirm with . or Enter, or press ? or * to list all spells.
Okay, then.
You scratch the worm but do no damage.
The worm is almost dead.
You scratch the worm.
The worm is almost dead.
The worm closely misses you.
You scratch the worm.
The worm is almost dead.
The worm bites you!
Ouch! That really hurt!
You die...

### #.# ######.###
#########
#........######.......#
................#####.#
#.###....#####..#####.###
#.#......# #......#g.$#
#........# ##.###.#...##
...#...### #.###.#....##
##.#.#.# #.@wg.......#
.).#.#.# #####.####..##
...#.#'## #.......# ###
........## #.##.##.# #
.####....## #.##.##.#
÷.........## ##.##.##.#
...........####...#.##.###
.....).....'.....<.......#
.†.........####........###
###.......## ##.##.#### #
#......## ####.#


You could see a worm and a goblin.

Vanquished Creatures
  A leopard gecko (D:1)
  2 bats (D:1)
  A giant cockroach (D:1)
  6 goblins
  A hobgoblin (D:1)
  A kobold (D:2)
  A frilled lizard (D:1)
  6 rats
19 creatures vanquished.

Notes
Turn   | Place    | Note
-------+----------+-------------------------------------------
     0 | D:1      | vuolankoinen the Felid Wizard began the quest for the Orb.
     0 | D:1      | Reached XP level 1. HP: 7/7 MP: 5/5
   103 | D:1      | Reached skill level 3 in Stealth
   615 | D:1      | Reached XP level 2. HP: 11/11 MP: 7/7
   625 | D:1      | Learned a level 2 spell: Blink
   628 | D:1      | Learned a level 2 spell: Call Imp
   631 | D:1      | Learned a level 2 spell: Slow
  1115 | D:2      | Reached skill level 4 in Stealth
  1605 | D:2      | Slain by a worm

Skill      XL: |  1  2 |
---------------+-------+-----
Stealth        | 3 4 |  4.2
Fighting       | |  0.2
Dodging        | |  2.9
Unarmed Combat | |  0.6
Spellcasting   | |  3.0
Conjurations   | |  0.8
Summonings     | |  1.0
Translocations | |  1.5

Action                   || total
-------------------------++-------
Melee: Unarmed           ||    41
       Bite              ||     1
 Cast: Magic Dart        ||    15
 Stab: Sleeping          ||    10
  Eat: Chunk             ||     6
Armor: Skin              ||     2
Dodge: Dodged            ||    24
